 Dungeon Crawl Stone Soup version 0.31-a0-1074-g0b22e4e0f1 (webtiles) character file.

Game seed: 2024616085281068913

3108 IdlyInterested the Changeling (level 9, -3/69 HPs)
             Began as a Demonspawn Shapeshifter on Dec 7, 2023.
             Killed by divine providence
             ... invoked by an orc priest
              (15 damage)
             ... on level 7 of the Dungeon.
             The game lasted 00:21:18 (6618 turns).

IdlyInterested the Changeling (DsSh)                Turns: 6618, Time: 00:21:18

Health: -3/69      AC:  6    Str: 17    XL:     9   Next: 60%
Magic:  9/9        EV: 13    Int: 11    God:
Gold:   294        SH:  5    Dex: 15    Spells: 8/8 levels left

rFire   . .          .
                       - Unarmed
rCold   . . .        (no shield)
rNeg    . . .        g - +1 steam dragon scales
rPois   .            l - melded +0 helmet
rElec   .            u - melded +1 cloak
rCorr   .            (gloves currently unavailable)
SInv    .            F - melded +0 pair of boots
Will    +....        K - amulet of reflection
Stlth   ++           r - ring of willpower
HPRegen 0.31/turn    y - ring of flight
MPRegen 0.11/turn

%: reflection
@: beast-form, flying
A: beast (slay +4), demonic guardian 2, ignite blood 2
a: Begin Untransformation


You were on level 7 of the Dungeon.
You were a hulking beast.
You visited 2 branches of the dungeon, and saw 8 of its levels.
You also visited: Sewer.

You collected 294 gold pieces.

Inventory:

Hand Weapons
 i - a +0 heavy dagger
Missiles
 e - 5 poisoned darts
 f - 103 stones (quivered)
 E - 5 curare-tipped darts
Armour
 g - +1 steam dragon scales (worn)
 l - a +0 helmet (melded)
 p - a +0 plate armour
 u - a +1 cloak (melded)
 F - a +0 pair of boots (melded)
Magical Staves
 B - a staff of conjuration
 L - a staff of conjuration
Jewellery
 j - an amulet of the acrobat
 o - a +6 ring of intelligence
 q - a ring of wizardry
 r - a ring of willpower (left hand)
 x - a ring of positive energy
 y - a ring of flight (right hand)
 C - an amulet of magic regeneration
 K - an amulet of reflection (around neck)
Talismans
 c - a beast talisman (active)
 d - a flux talisman
 h - a granite talisman
 s - a blade talisman
Wands
 m - a wand of flame (22)
 D - a wand of charming (3)
Scrolls
 a - a scroll of immolation
 k - 2 scrolls of blinking
 t - 2 scrolls of vulnerability
 v - a scroll of enchant armour
 w - a scroll of amnesia
 H - 2 scrolls of torment {unknown}
 I - a scroll of fear {unknown}
Potions
 b - 2 potions of lignification
 n - a potion of curing
 z - a potion of ambrosia
 A - a potion of haste
 G - a potion of might
 J - a potion of degeneration {unknown}


   Skills:
 + Level 5.6 Fighting
 - Level 1.0 Throwing
 - Level 1.0 Armour
 - Level 4.0 Dodging
 - Level 1.0 Stealth
 + Level 7.0 Unarmed Combat
 - Level 1.0 Evocations
 * Level 7.8 Shapeshifting


You had 8 spell levels left.
You didn't know any spells.
Your spell library contained the following spells:

 Spells                   Type           Power      Damage    Failure   Level
 Slow                     Hex            0%         N/A       34%         1
 Blink                    Tloc           0%         N/A       47%         2
 Ensorcelled Hibernation  Hex/Ice        0%         N/A       47%         2
 Passwall                 Tmut/Erth      0%         N/A       47%         2
 Confusing Touch          Hex            0%         N/A       71%         3
 Sigil of Binding         Hex            0%         N/A       71%         3
 Swiftness                Air            0%         N/A       71%         3
 Vampiric Draining        Necr           0%         2d6       71%         3
 Manifold Assault         Tloc           0%         N/A       98%         4


Dungeon Overview and Level Annotations

Branches:
Dungeon (7/15)             Temple (1/1) D:5           Sewer (visited)

Altars:
Ashenzari
Cheibriados
Dithmenos
Fedhas
Gozag
Hepliaklqana
Kikubaaqudgha
Makhleb
Okawaru
Qazlal
Ru
Sif Muna
Trog
Uskayaw
Vehumet
Wu Jian
Xom
Yredelemnul

Shops:
D:1 (   D:4 :


Innate Abilities, Weirdness & Mutations

You are a hulking beast.
Your limbs bulge with bestial killing power. (Slay +4)
A demonic guardian rushes to your aid.
Your demonic aura often causes spilled blood to erupt in flames.


Message History

You closely miss the wyvern.
The wyvern is moderately wounded.
The wyvern barely misses you. The wyvern closely misses you.
You hit the wyvern but do no damage. You punch the wyvern, but do no damage.
The wyvern is moderately wounded.
The wyvern barely misses you.
You hit the wyvern but do no damage.
The wyvern is moderately wounded.
The wyvern bites you!
You punch the wyvern!
The wyvern is severely wounded.
The wyvern is engulfed in blazing flames.
The wyvern bites you!
* * * LOW HITPOINT WARNING * * *
A demonic guardian appears!
The wyvern is engulfed in blazing flames.
You kill the wyvern!
An orc priest and an orc come into view.
The orc moves out of view.
You see here a wand of flame (14).
What are your orders? t - Shout!
Orders for allies: a - Attack new target. r - Retreat! s - Stop attacking. g - Guard the area. f - Follow me.
Anything else - Cancel.
Gang up on whom?
Press: ? - help, Dir - move target, f - orc priest
Aim: an orc priest, wielding a +0 flail (asleep, ally target) Attack!
The orc priest shouts!
You hear a shout! x2
An orc priest comes into view. It is wielding a +0 club.
An orc comes into view. It is wielding a +0 short sword.
Your orange demon stings the orc priest from afar!
The orc priest dies!
m - a wand of flame (22) (gained 14 charges)
An orc comes into view. It is wielding a +0 mace.
The orc priest calls down the wrath of Beogh upon you.
Beogh smites you!
You die...

#............ ..........o..
#.......o.... ..........o. ..
........o. ## ..#..☼... #....#
# ###### #h..4# #
##_._.###....# #####
#⌠...._###...## ....
###..###......# .#
#_...._####...##### .###.
####..###..........######
.......##....##.....#..........
.......###..###.....#..........
.......##...._#................


You could see an orc priest (ally target), 3 orcs and a friendly orange demon
(summoned).

Vanquished Creatures
  Pikel (D:5)
  Maggie (D:6)
  Sigmund (D:4)
  A wyvern (D:7)
  A steam dragon (D:4)
  A water moccasin (D:5)
  A black bear (D:5)
  2 ice beasts
  2 phantoms
  3 bullfrogs
  2 scorpions (D:5)
  2 killer bees (D:7)
  A jelly (D:6)
  3 hounds (D:5)
  An orc priest (D:5)
  A sleepcap (D:6)
  2 iguanas (D:6)
  4 gnolls (D:7)
  12 adders
  2 white imps
  A worm (D:2)
  2 dart slugs
  10 orcs
  12 ball pythons
  13 bats
  7 endoplasms
  10 giant cockroaches
  6 goblins
  10 hobgoblins
  5 jackals (D:4)
  2 kobolds
  10 quokkas
  9 frilled lizards
  4 rats
145 creatures vanquished.

Vanquished Creatures (collateral kills)
  A steam dragon (D:4)
  An ice beast (D:7)
  An ogre (D:4)
  A centaur (D:6)
  3 killer bees (D:7)
  An orc priest (D:7)
  An orc (D:3)
  A kobold (D:3)
10 creatures vanquished.

Grand Total: 155 creatures vanquished

Notes
Turn   | Place    | Note
-------+----------+-------------------------------------------
     0 | D:1      | IdlyInterested the Demonspawn Shapeshifter began the quest
                  | for the Orb.
     0 | D:1      | Reached XP level 1. HP: 15/15 MP: 1/1
   239 | D:1      | Gained mutation: A weak demonic guardian rushes to your
                  | aid. [demonic ancestry]
   239 | D:1      | Reached XP level 2. HP: 21/21 MP: 2/2
   687 | D:1      | Found Guumm's Antique Weapon Emporium.
  1038 | D:2      | Reached XP level 3. HP: 27/27 MP: 3/3
  1657 | D:2      | Found a basalt altar of Yredelemnul.
  2008 | D:3      | Gained mutation: A demonic guardian rushes to your aid.
                  | [demonic ancestry]
  2008 | D:3      | Reached XP level 4. HP: 33/34 MP: 4/4
  2152 | D:3      | Found a glowing drain.
  2185 | Sewer    | Entered a sewer
  2448 | Sewer    | Noticed a bullfrog
  2457 | Sewer    | Killed a bullfrog
  2458 | Sewer    | Reached XP level 5. HP: 36/41 MP: 5/5
  2842 | D:3      | Found a shadowy altar of Dithmenos.
  3103 | D:4      | Noticed a steam dragon
  3116 | D:4      | Killed a steam dragon
  3117 | D:4      | Reached XP level 6. HP: 4/48 MP: 6/6
  3389 | D:4      | Noticed Sigmund
  3400 | D:4      | Killed Sigmund
  3401 | D:4      | Gained mutation: Your demonic aura sometimes causes spilled
                  | blood to erupt in flames. [demonic ancestry]
  3401 | D:4      | Reached XP level 7. HP: 39/54 MP: 7/7
  3657 | D:4      | Noticed a steam dragon
  3672 | D:4      | Killed a steam dragon
  3673 | D:4      | Reached skill level 5 in Unarmed Combat
  3752 | D:4      | You are sucked into a shaft and drop 3 floors!
  3772 | D:7      | Reached skill level 1 in Throwing
  3917 | D:6      | Noticed Maggie
  3929 | D:6      | Killed Maggie
  3930 | D:6      | Reached skill level 1 in Armour
  3930 | D:6      | Reached skill level 5 in Shapeshifting
  3930 | D:6      | Reached XP level 8. HP: 19/60 MP: 8/8
  3935 | D:6      | HP: 2/60 [centaur/+0 quarterstaff (3)]
  3937 | D:6      | Reached skill level 1 in Stealth
  4152 | D:5      | Entered Level 5 of the Dungeon
  4162 | D:5      | Reached skill level 1 in Evocations
  4363 | D:4      | Found an ancient bone altar of Kikubaaqudgha.
  4409 | D:4      | Found Wituesy's Book Shoppe.
  4599 | D:5      | Noticed Pikel
  4612 | D:5      | Killed Pikel
  4613 | D:5      | Gained mutation: Your demonic aura often causes spilled
                  | blood to erupt in flames. [demonic ancestry]
  4613 | D:5      | Reached XP level 9. HP: 58/66 MP: 9/9
  4870 | D:5      | Found a staircase to the Ecumenical Temple.
  4879 | Temple   | Entered the Ecumenical Temple
  5648 | D:6      | Reached skill level 5 in Fighting
  5679 | D:6      | Found a bloodstained altar of Trog.
  6568 | D:7      | Found an iron altar of Okawaru.
  6569 | D:7      | Found an ornate altar of the Wu Jian Council.
  6571 | D:7      | Found a blossoming altar of Fedhas.
  6572 | D:7      | Found a snail-covered altar of Cheibriados.
  6574 | D:7      | Found a stormy altar of Qazlal.
  6618 | D:7      | Killed from afar by an orc priest

Illustrated notes

Levels and vault maps discovered:
D:1:      evilmike_arrival_hilbert_curve, layout_loops_ring, serial_shops,
          nicolae_shop_pleasant_corner_grove, minmay_stone_trees_medium
D:2:      layout_basic, basic_altar
D:3:      layout_basic, general_overflow_altar, serial_rivers,
          chequers_serial_rivers_room_b, chequers_serial_rivers_small_a,
          chequers_serial_rivers_room_b, chequers_serial_rivers_room_a,
          gup_sewer_entry_pipe, roderic_batcave
D:4:      layout_rooms, lemuel_crystal_altar, serial_shops, shop, uniq_sigmund
D:5:      layout_rooms, minmay_temple_entry_glassed_door, uniq_pikel
D:6:      layout_loops_corners, trog_hazing_becter, uniq_maggie
D:7:      layout_rooms, minitemple, nemelex_spade_bored_becter
Temple:   minmay_freezing_vapour_temple

Skill      XL: |  1  2  3  4  5  6  7  8  9 |
---------------+----------------------------+-----
Unarmed Combat | 3 4 5 7 |  7.0
Shapeshifting  | 3 4 5 7 |  7.8
Fighting       | 2 3 4 5 |  5.6
Dodging        | 3 4 |  4.0
Throwing       | 1 |  1.0
Armour         | 1 |  1.0
Stealth        | 1 |  1.0
Evocations     | 1 |  1.0

Action                     |  1- 3 |  4- 6 |  7- 9 || total
---------------------------+-------+-------+-------++-------
  Melee: Unarmed           |   124 |   172 |   221 ||   517
         Punch             |       |     3 |     8 ||    11
  Throw: Stone             |       |     2 |       ||     2
    Use: Scroll            |     4 |     1 |     2 ||     7
         Potion            |       |       |     5 ||     5
   Stab: Sleeping          |       |       |     2 ||     2
 Armour: Leather armour    |     4 |       |       ||     4
         Chain mail        |    68 |   106 |       ||   174
         Steam dragon scal |       |     4 |   111 ||   115
  Dodge: Dodged            |    67 |    65 |   152 ||   284
  Block: Other             |       |       |    12 ||    12
   Form: Beast             |       |       |     2 ||     2
                           |       |       |     1 ||     1
         Flux              |       |       |     1 ||     1

Table legend: (Time is in decaauts)
 A = Elapsed time spent in this place.
 B = Non-inter-level travel time spent in this place.
 C = Inter-level travel time spent in this place.
 D = Time resting spent in this place.
 E = Time spent auto-exploring this place.
 F = Levels seen in this place.
 G = Mean time per level.
                   A        B        C        D        E       F      G
               +--------+--------+--------+--------+--------+-----+--------+
         Total |   6628 |   5920 |    708 |    939 |   3058 |   9 |  736.4 |
       Dungeon |   6225 |   5517 |    708 |    939 |   3056 |   7 |  889.3 |
        Temple |      6 |      6 |      0 |      0 |      0 |   1 |    6.0 |
         Sewer |    396 |    396 |      0 |      0 |      2 |   1 |  396.0 |
               +--------+--------+--------+--------+--------+-----+--------+

Top non-repeatable levels by time:
     D:6: 1389 daAuts
     D:1: 1114 daAuts
     D:3: 983 daAuts
     D:2: 829 daAuts
     D:4: 778 daAuts
     D:5: 717 daAuts
     D:7: 412 daAuts
   Sewer: 396 daAuts
  Temple: 6 daAuts
